 Dungeon Crawl Stone Soup version 0.19-a0-82-gd3566c2 (webtiles) character file.

213 wvc the Cudgeler (level 5, 6/38 HPs)
             Began as a Mummy Gladiator on May 15, 2016.
             Quit the game on level 4 of the Dungeon.
             The game lasted 00:05:52 (3021 turns).

wvc the Cudgeler (Mummy Gladiator)                  Turns: 3021, Time: 00:05:53

Health: 6/38       AC:  8    Str: 18    XL:     5   Next: 59%
Magic:  5/5        EV: 12    Int:  8    God:
Gold:   191        SH:  0    Dex: 13    Spells: 0 memorised, 4 levels left

rFire  x . .     SeeInvis .     a - +0 flail
rCold  + . .     Gourm    .     m - +0 leather armour
rNeg   + + +     Faith    .     (no shield)
rPois  ∞         Spirit   .     h - +2 helmet
rElec  .         Dismiss  .     (no cloak)
rCorr  .         Reflect  .     c - +1 pair of gloves
SustAt +         Harm     .     (no boots)
MR     .....                    (no amulet)
Stlth  +.........               (no ring)
                                p - ring of sustain attributes

@: not resistant to hostile enchantments, very unstealthy
A: no food or potions, fire vulnerability, cold resistance 1, negative energy
resistance 3, torment resistance, unbreathing
a: no special abilities


You were on level 4 of the Dungeon.
You were not hungry.

You visited 1 branch of the dungeon, and saw 4 of its levels.

You collected 191 gold pieces.

Inventory:

Hand Weapons
 a - a +0 flail (weapon)
 b - a +1 blowgun
Missiles
 d - 2 throwing nets (quivered)
 n - 17 poisoned needles
Armour
 c - a +1 pair of gloves (worn)
 h - a +2 helmet (worn)
 m - a +0 leather armour (worn)
Jewellery
 p - a ring of sustain attributes (left hand)
Wands
 o - a wand of paralysis (9/24)
Scrolls
 e - a scroll of identify
 f - 4 scrolls of remove curse
 i - a scroll of magic mapping


   Skills:
 - Level 2.0 Fighting
 + Level 5.3 Maces & Flails
 - Level 1.5 Throwing
 - Level 2.4 Dodging


You had 4 spell levels left.
You didn't know any spells.

Dungeon Overview and Level Annotations

Branches:
Dungeon (4/15)
 Temple: D:4-7

Altars:
Dithmenos
Xom


Innate Abilities, Weirdness & Mutations

You do not eat or drink.
Your flesh is vulnerable to fire.
You are immune to poison.
Your flesh is cold resistant.
You are immune to negative energy.
You are immune to unholy pain and torment.
You can survive without breathing.


Message History

You sock the phantom!
The phantom is severely damaged.
The hound skeleton bites you. The adder bites you. The phantom misses you.
The hound skeleton bites you but does no damage.
You closely miss the phantom.
The phantom is severely damaged.
The adder barely misses you.
The phantom hits you but does no damage.
The hound skeleton barely misses you. The adder misses you.
Unknown command.
You hit the phantom.
The phantom is severely damaged.
The hound skeleton barely misses you. The phantom hits you!
* * * LOW HITPOINT WARNING * * *
The phantom blinks!
The adder bites you but does no damage.
The orc wizard mumbles some strange words.
The orc wizard seems to speed up.
Read which item? (? for menu, Esc to quit)
Okay, then.
Are you sure you want to abandon this character and quit the game? (Confirm with "yes".)

###≈...._≈≈.#....#.#.#
#......_≈.≈.^..#.#.#.#
#.#♣_≈..≈...#..#.#.#.#
#.##.#..≈§♣###.#.#,#.#
#.###....≈# #.#.#,#.###
#.# ###^######o#,*,#....
#.####.ho!.h...#,*,#####
#...(.SZ###*****,*,,,#..
#######@#*,,,,,,,***,#.#
#W#*,*********,#.#
#.#,,<*,,,,,,,,#.#
#.#,,**,*******#.#
#.#,,,,,,* #.#
#.#,****** #.# #.#,* #.#
#..,* #.# ***** #.#


You could see a phantom, a hound, an orc wizard, an adder and a hound skeleton.

Vanquished Creatures
  2 orc wizards (D:3)
  An orc priest (D:3)
  An iguana (D:4)
  3 adders (D:2)
  An ooze (D:2)
  2 worms
  A dart slug (D:1)
  2 giant geckos (D:2)
  3 orcs (D:3)
  5 bats
  3 giant cockroaches
  9 goblins
  4 hobgoblins
  3 jackals (D:2)
  6 kobolds
  A quokka (D:3)
  5 giant newts
  4 rats
56 creatures vanquished.

Notes
Turn   | Place    | Note
--------------------------------------------------------------
     0 | D:1      | wvc the Mummy Gladiator began the quest for the Orb.
     0 | D:1      | Reached XP level 1. HP: 16/16 MP: 1/1
   255 | D:1      | Reached XP level 2. HP: 22/22 MP: 2/2
   273 | D:1      | Reached skill level 3 in Maces & Flails
   963 | D:2      | Reached XP level 3. HP: 26/27 MP: 3/3
  1413 | D:2      | Found a shadowy altar of Dithmenos.
  1473 | D:2      | Reached skill level 4 in Maces & Flails
  1703 | D:2      | Reached XP level 4. HP: 33/33 MP: 4/4
  2270 | D:3      | Reached XP level 5. HP: 8/38 MP: 5/5
  2534 | D:3      | Reached skill level 5 in Maces & Flails
  2976 | D:4      | Found a shimmering altar of Xom.
  2976 | D:4      | Found a shimmering altar of Xom.
  2977 | D:4      | Found a shimmering altar of Xom.
  2999 | D:4      | Noticed a phantom
  3021 | D:4      | Quit the game

Vault maps used:
D:1:      lemuel_arrival_tunnels
D:2:      first_bread, nicolae_dithmenos_shadow_blocks
D:4:      xom_redecorated, lemuel_crystal_altar, serial_curves, eino_curves_01,
          eino_curves_01

Skill      XL: |  1  2  3  4  5 |
---------------+----------------+-----
Maces & Flails | 3 4 5 |  5.3
Fighting       | |  2.0
Throwing       | |  1.5
Dodging        | |  2.4

Action                   |  1- 3 |  4- 6 || total
-------------------------+-------+-------++-------
Melee: Flail             |   108 |   110 ||   218
 Fire: Blowgun           |       |     7 ||     7
Throw: Throwing net      |       |     4 ||     4
  Use: Scroll            |       |     8 ||     8
 Stab: Sleeping          |     1 |       ||     1
Armor: Leather armour    |    34 |    48 ||    82
Dodge: Dodged            |    77 |    82 ||   159
